 Dungeon Crawl Stone Soup version 0.27.1 (webtiles) character file.

Game seed: 3913501178121601703

52 Descartes the Skirmisher (level 3, -1/20 HPs)
             Began as a Felid Wanderer on Aug 25, 2021.
             Slain by a gnoll (5 damage)
             ... on level 2 of the Dungeon.
             The game lasted 00:01:57 (2059 turns).

Descartes the Skirmisher (Felid Wanderer)           Turns: 2059, Time: 00:01:57

Health: -1/20      AC:  1    Str:  8    XL:     3   Next: 60%
Magic:  0/4        EV: 17    Int: 14    God:
Gold:   57         SH:  0    Dex: 15    Spells: 2/2 levels left
                                        Lives:  0   Deaths: 0

rFire    . . .     SeeInvis +     - Unarmed
rCold    . . .     Faith    .   (shield unavailable)
rNeg     . . .     Spirit   +   (armour unavailable)
rPois    .         Reflect  .   (helmet unavailable)
rElec    .         Harm     .   (cloak unavailable)
rCorr    .         Rampage  .   (gloves unavailable)
Will     .....                  (boots unavailable)
Stlth    +++.......             e - amulet of guardian spirit
HPRegen  0.06/turn              (no ring)
MPRegen  0.09/turn              (no ring)

@: quick
A: very small, claws 1, fangs 3, see invisible, speed 1, shaggy fur 1, stealthy
paws, no weapons or thrown items, no armour, multi-lived
a: no special abilities


You were on level 2 of the Dungeon.
You visited 1 branch of the dungeon, and saw 2 of its levels.

You collected 57 gold pieces.

Inventory:

Jewellery
 e - an amulet of guardian spirit (around neck)
Scrolls
 b - a scroll of teleportation
 d - 2 scrolls of enchant armour {unknown}
 f - a scroll of immolation {unknown}
 g - a scroll of enchant weapon {unknown}
Potions
 a - 3 potions of haste
 c - 2 potions of lignification


   Skills:
 - Level 6.0 Fighting
 + Level 2.3 Dodging
 * Level 5.8 Stealth
 - Level 1.0 Unarmed Combat


You had 2 spell levels left.
You didn't know any spells.
Your spell library contained the following spells:

 Spells                   Type           Power      Damage    Failure   Level
 Sandblast                Erth           0%         2d4       28%         1
 Passwall                 Tmut/Erth      0%         N/A       41%         2
 Lee's Rapid Deconstruct  Erth           0%         3d5*      100%        5


Dungeon Overview and Level Annotations

Branches:
Dungeon (2/15)

Altars:
The Shining One


Innate Abilities, Weirdness & Mutations

You have sharp claws.
You have razor-sharp teeth.
You have supernaturally acute eyesight. (SInv)
You cover ground quickly. (Speed+)
You are covered in fur. (AC +1)
Your paws help you pounce on unaware monsters.
You are incapable of wielding weapons or throwing items.
You cannot wear armour.
You gain extra lives every three experience levels.


Message History

The gnoll shouts!
You scratch the gnoll.
The gnoll is lightly wounded.
The gnoll hits you with a +0 club.
You scratch the gnoll but do no damage.
The gnoll is lightly wounded.
The gnoll closely misses you.
You completely miss the gnoll. Your bite misses the gnoll.
The gnoll is lightly wounded.
The gnoll misses you.
You scratch the gnoll.
The gnoll is moderately wounded.
The gnoll misses you.
You scratch the gnoll but do no damage.
The gnoll is moderately wounded.
The gnoll misses you.
You scratch the gnoll but do no damage.
The gnoll is moderately wounded.
The gnoll barely misses you.
You barely miss the gnoll.
The gnoll is moderately wounded.
The gnoll barely misses you.
You closely miss the gnoll.
The gnoll is moderately wounded.
The gnoll hits you with a +0 club.
You scratch the gnoll.
The gnoll is severely wounded.
The gnoll barely misses you.
You scratch the gnoll but do no damage. You bite the gnoll.
The gnoll is almost dead.
The gnoll hits you with a +0 club!
You are too injured to fight recklessly!
You scratch the gnoll but do no damage.
The gnoll is almost dead.
The gnoll hits you with a +0 club.
* * * LOW HITPOINT WARNING * * *
You scratch the gnoll.
The gnoll is almost dead.
The gnoll hits you with a +0 club!
You die...

####.####
#.#
#.....#
#.####
#.....#
#....#
#.....#
####>#
#.....#
#.#
#.....#
#.#
#######
###.#
#...#
#@### #g#
#g# #g#
#g# ..#
###


You could see 4 gnolls.

Vanquished Creatures
  2 adders (D:2)
  3 ball pythons (D:2)
  5 endoplasms
  A giant cockroach (D:1)
  4 hobgoblins
  A quokka (D:1)
  3 bats (D:1)
  A frilled lizard (D:1)
  5 goblins
  5 kobolds
  4 rats (D:1)
34 creatures vanquished.

Notes
Turn   | Place    | Note
-------+----------+-------------------------------------------
     0 | D:1      | Descartes the Felid Wanderer began the quest for the Orb.
     0 | D:1      | Descartes set off with the following items: a potion of
                  | haste, a scroll of teleportation, a potion of lignification
     0 | D:1      | Reached XP level 1. HP: 13/13 MP: 2/2
   236 | D:1      | Found a faded altar of an unknown god.
   247 | D:1      | Reached skill level 1 in Dodging
   311 | D:1      | Reached XP level 2. HP: 16/16 MP: 3/3
   917 | D:1      | Reached skill level 5 in Stealth
  1448 | D:2      | Found a glowing golden altar of the Shining One.
  1570 | D:2      | Reached XP level 3. HP: 20/20 MP: 4/4
  2059 | D:2      | Slain by a gnoll

Illustrated notes

Levels and vault maps discovered:
D:1:      lightli_arrival_noodles, layout_loops_corners,
          hellmonk_ecumenical_altar_heavens_door
D:2:      layout_loops_cross, basic_altar

Skill      XL: |  1  2 |
---------------+-------+-----
Dodging        | 1 2 |  2.3
Stealth        | 5 |  5.8
Fighting       | |  6.0
Unarmed Combat | |  1.0

Action                   || total
-------------------------++-------
Melee: Unarmed           ||    98
       Bite              ||     6
 Stab: Sleeping          ||    11
Armor: Skin              ||     8
Dodge: Dodged            ||    68
